 Dungeon Crawl Stone Soup version 0.29.1-15-g9cfb28693d (webtiles) character file.

Game seed: 3152509852156375112

59 NamelessAdventurer the Covered (level 4, 0/35 HPs)
             Began as a Human Fighter on Apr 12, 2023.
             Was an Initiate of Gozag.
             Slain by a sky beast (4 damage)
             ... on level 4 of the Dungeon.
             The game lasted 00:03:11 (608 turns).

NamelessAdventurer the Covered (Human Fighter)       Turns: 608, Time: 00:03:13

Health: 0/35       AC:  6    Str: 17    XL:     4   Next: 22%
Magic:  4/4        EV:  9    Int: 10    God:    Gozag
Gold:   96         SH:  4    Dex: 12    Spells: 3/3 levels left

rFire   . . .      SeeInvis .   a - +0 war axe
rCold   . . .      Faith    .   c - +0 buckler
rNeg    . . .      Spirit   .   b - +0 scale mail
rPois   .          Reflect  .   (no helmet)
rElec   .          Harm     .   (no cloak)
rCorr   .          Rampage  .   (no gloves)
Will    .....                   (no boots)
Stlth   ..........              (no amulet)
HPRegen 0.11/turn               (no ring)
MPRegen 0.09/turn               (no ring)

@: mighty
A: no striking features
a: Renounce Religion, Potion Petition, Call Merchant, Bribe Branch


You were on level 4 of the Dungeon.
You worshipped Gozag.
Gozag was noncommittal.
You visited 1 branch of the dungeon, and saw 3 of its levels.

You collected 119 gold pieces.
You paid 23 gold pieces to Gozag.

Inventory:

Hand Weapons
 a - a +0 war axe (weapon)
Armour
 b - a +0 scale mail (worn)
 c - a +0 buckler (worn)
Wands
 i - a wand of polymorph (4)
Scrolls
 f - a scroll of amnesia {unknown}
 g - 3 scrolls of enchant armour {unknown}
 h - a scroll of blinking {unknown}
 j - a scroll of vulnerability


   Skills:
 * Level 3.2 Fighting
 * Level 2.8 Axes
 * Level 3.4 Armour
 * Level 1.0 Dodging
 * Level 0.6 Stealth
 * Level 3.2 Shields
 * Level 0.3 Evocations


You had 3 spell levels left.
You didn't know any spells.
Your spell library was empty.

Dungeon Overview and Level Annotations

Branches:
Dungeon (2/15)

Altars:
Gozag


Message History

The sky beast hits you but does no damage.
You closely miss the sky beast.
The sky beast is heavily wounded.
The sky beast hits you. The sky beast shocks you.
* * * LOW HITPOINT WARNING * * *
The sky beast hits you but does no damage.
You barely miss the sky beast.
The sky beast is heavily wounded.
The sky beast completely misses you.
You hit the sky beast.
The sky beast is heavily wounded.
The sky beast hits you.
* * * LOW HITPOINT WARNING * * *
The sky beast shocks you.
* * * LOW HITPOINT WARNING * * *
You closely miss the sky beast.
The sky beast is heavily wounded.
You block the sky beast's attack. The sky beast barely misses you.
Unknown command.
It was a potion of curing.
You feel better.
The sky beast flickers out of sight!
Deactivating autopickup; reactivate with Ctrl-A.
Something hits you.
* * * LOW HITPOINT WARNING * * *
Something shocks you.
* * * LOW HITPOINT WARNING * * *
You feel better. Something hits you but does no damage.
You closely miss something. Something hits you but does no damage.
You slash something! Something hits you but does no damage.
You closely miss something. You block something's attack.
Something hits you but does no damage.
You miss something. Something hits you but does no damage.
You miss something. Something hits you but does no damage.
You miss something. Something hits you.
* * * LOW HITPOINT WARNING * * *
Something shocks you.
* * * LOW HITPOINT WARNING * * *
Something hits you.
You die...
Your body crumbles into a pile of gold.

...... #### #...#
... #..> #.
#.##.###....
######...........
........#.#######
#######.#.# .
#.#{# #.#.#@#####
#####.#.#........
..........)......
#####.#.##########
###.#..........#
#......#######.#
#.#.#....".....#
#.#.#..######### #
. #..#


There were no monsters in sight!

Vanquished Creatures
  Jessica (D:2)
  An adder (D:2)
  A dart slug (D:1)
  3 ball pythons
  2 bats (D:1)
  4 endoplasms
  3 goblins
  A hobgoblin (D:2)
  4 kobolds
  2 rats
22 creatures vanquished.

Notes
Turn   | Place    | Note
-------+----------+-------------------------------------------
     0 | D:1      | NamelessAdventurer the Human Fighter began the quest for
                  | the Orb.
     0 | D:1      | Reached XP level 1. HP: 18/18 MP: 1/1
     6 | D:1      | Noticed a black mamba
     6 | D:1      | Noticed a swamp drake
     7 | D:1      | Noticed a black bear
    49 | D:1      | Reached XP level 2. HP: 24/24 MP: 2/2
   254 | D:2      | Found an opulent altar of Gozag.
   313 | D:2      | Became a worshipper of Gozag Ym Sagoz the Greedy
   459 | D:2      | Reached XP level 3. HP: 23/29 MP: 3/3
   480 | D:2      | Noticed Jessica
   491 | D:2      | Killed Jessica
   492 | D:2      | Reached XP level 4. HP: 19/35 MP: 4/4
   495 | D:2      | Reached skill level 1 in Dodging
   558 | D:2      | You fall into a shaft and drop 2 floors!
   588 | D:4      | Noticed a sky beast
   599 | D:4      | HP: 1/35 [sky beast (6)]
   608 | D:4      | Slain by a sky beast

Illustrated notes

Levels and vault maps discovered:
D:1:      onia_arrival_zoo_common, layout_basic, ebering_ecumenical_altar_box
D:2:      minmay_roachtagon, layout_loops_ring, basic_altar, uniq_jessica
D:4:      minmay_goblin_kobold_castle, layout_basic, grunt_decor_arrowhead,
          minmay_tree_intersection

Skill      XL: |  1  2  3  4 |
---------------+-------------+-----
Dodging        | 1 |  1.0
Fighting       | |  3.2
Axes           | |  2.8
Armour         | |  3.4
Stealth        | |  0.6
Shields        | |  3.2
Evocations     | |  0.3

Action                   |  1- 3 |  4- 6 || total
-------------------------+-------+-------++-------
Melee: War axe           |    42 |    18 ||    60
Evoke: Wand              |     1 |     2 ||     3
  Use: Scroll            |     1 |       ||     1
       Potion            |       |     3 ||     3
Armor: Scale mail        |    29 |    17 ||    46
Dodge: Dodged            |    30 |     4 ||    34
Block: Buckler           |    16 |     6 ||    22
